 Dungeon Crawl Stone Soup version 0.29-a0-321-gf1c400731a (webtiles) character file.

Game seed: 13748245805690282653

3 sizableburger the Skirmisher (level 1, 0/13 HPs)
             Began as a Deep Elf Fighter on Apr 4, 2022.
             Slain by a gnoll
             ... wielding a +0 club
              (3 damage)
             ... on level 1 of the Dungeon.
             The game lasted 00:00:30 (372 turns).

sizableburger the Skirmisher (Deep Elf Fighter)      Turns: 372, Time: 00:00:31

Health: 0/13       AC:  6    Str: 13    XL:     1   Next: 41%
Magic:  3/3        EV:  8    Int: 12    God:
Gold:   22         SH:  4    Dex: 14    Spells: 0/0 levels left

rFire   . . .      SeeInvis .   a - +0 war axe
rCold   . . .      Faith    .   c - +0 buckler
rNeg    . . .      Spirit   .   b - +0 scale mail
rPois   .          Reflect  .   (no helmet)
rElec   .          Harm     .   (no cloak)
rCorr   .          Rampage  .   (no gloves)
Will    .....                   (no boots)
Stlth   ..........              (no amulet)
HPRegen 0.04/turn               (no ring)
MPRegen 0.08/turn               (no ring)

@: no status effects
A: no striking features
a: no special abilities


You were on level 1 of the Dungeon.
You visited 1 branch of the dungeon, and saw 1 of its levels.

You collected 22 gold pieces.

Inventory:

Hand Weapons
 a - a +0 war axe (weapon)
Missiles
 g - 21 stones (quivered)
Armour
 b - a +0 scale mail (worn)
 c - a +0 buckler (worn)
Scrolls
 f - a scroll of magic mapping {unknown}
Potions
 d - a potion of might
 e - a potion of heal wounds {unknown}


   Skills:
 + Level 2.5 Fighting
 + Level 1.7 Axes
 - Level 2.4 Armour
 - Level 2.4 Shields


You couldn't memorise any spells.
You didn't know any spells.
Your spell library was empty.

Dungeon Overview and Level Annotations

Branches:
Dungeon (1/15)

Altars:


Message History

Found 14 stones.
A rat comes into view.
You block the rat's attack.
You barely miss the rat. The rat barely misses you. The rat bites you.
You barely miss the rat.
The rat bites you but does no damage. x2
You hit the rat.
You kill the rat!
No target in view!
No target in view!
No target in view!
No target in view!
No target in view!
No target in view!
You now have 22 gold pieces (gained 16).
A gnoll comes into view. It is wielding a +0 club.
Search for what [? for help]? stone A gnoll is nearby!
Search for what [Enter for "stone", or ? for help]?
Okay, then.
You see here 22 stones.
g - 22 stones Throw: 22 stones
Press: ? - help, Q - select action Shift-Dir - straight line, f - gnoll
Aim: a gnoll, wielding a +0 club (63% to hit)
You throw a stone.
The stone hits the gnoll but does no damage.
Unknown command.
You closely miss the gnoll. The gnoll barely misses you.
You hit the gnoll but do no damage. The gnoll hits you with a +0 club.
You block the gnoll's attack.
You hit the gnoll but do no damage. The gnoll hits you but does no damage.
You hit the gnoll.
The gnoll is moderately wounded.
You block the gnoll's attack. The gnoll hits you with a +0 club.
* * * LOW HITPOINT WARNING * * *
Unknown command.
You hit the gnoll.
The gnoll is heavily wounded.
The gnoll hits you with a +0 club.
You die...

#.#.# #.#.
#.#.###########.#.
#.#.......(..##.#.
#####'#..#######.##.#.
#..............#.##.#.
#............#.#.##.#.
#.........####.#.##.#.
#.........)..).#.##.#.
##...@#'####.#......#.
#...g#.# #.###.#..#.
########...(#.####.# #.#..#.
.......'>...#......# #.#..#.
########...###########.#..#.
####.............#.#..#.
#.......########.#.#..#.
#..####.#..........#..#.
##''## #.#.#..###.#.#..#.


You could see a gnoll.

Vanquished Creatures
  An endoplasm (D:1)
  A kobold (D:1)
  A rat (D:1)
3 creatures vanquished.

Notes
Turn   | Place    | Note
-------+----------+-------------------------------------------
     0 | D:1      | sizableburger the Deep Elf Fighter began the quest for the
                  | Orb.
     0 | D:1      | Reached XP level 1. HP: 13/13 MP: 3/3
   372 | D:1      | Slain by a gnoll

Illustrated notes

Levels and vault maps discovered:
D:1:      wander_arrival_abandoned_jail, layout_basic,
          nicolae_ecumenical_snake_handling, serial_shops, shop_statue,
          nicolae_shop_behind_doors, minmay_liquid_box

Action                   || total
-------------------------++-------
Melee: War axe           ||    14
Throw: Stone             ||     1
Armor: Scale mail        ||     8
Dodge: Dodged            ||     4
Block: Buckler           ||     3

Table legend: (Time is in decaauts)
 A = Elapsed time spent in this place.
 B = Non-inter-level travel time spent in this place.
 C = Inter-level travel time spent in this place.
 D = Time resting spent in this place.
 E = Time spent auto-exploring this place.
 F = Levels seen in this place.
 G = Mean time per level.
                   A        B        C        D        E       F      G
               +--------+--------+--------+--------+--------+-----+--------+
         Total |    378 |    378 |      0 |     78 |    232 |   1 |  378.0 |
       Dungeon |    378 |    378 |      0 |     78 |    232 |   1 |  378.0 |
               +--------+--------+--------+--------+--------+-----+--------+

Top non-repeatable levels by time:
     D:1: 378 daAuts
